 Dungeon Crawl Stone Soup version 0.29.1-15-g9cfb28693d (webtiles) character file.

Game seed: 8357137388217053173

1386 boopmooplesden the Chopper (level 8, -1/62 (70) HPs)
             Began as a Minotaur Fighter on Mar 16, 2023.
             Slain by a wight
             ... wielding a +4 great sword
              (7 damage)
             ... on level 7 of the Dungeon.
             The game lasted 00:06:55 (5800 turns).

boopmooplesden the Chopper (Minotaur Fighter)       Turns: 5800, Time: 00:06:55

HP:   -1/62 (70)    AC: 16    Str: 24    XL:     8   Next: 40%
MP:   7/7           EV:  7    Int:  5    God:
Gold: 258           SH:  6    Dex:  9    Spells: 7/7 levels left

rFire   . . .      SeeInvis .   a - +1 war axe (venom)
rCold   . . .      Faith    .   c - +1 buckler
rNeg    . . .      Spirit   .   t - +0 plate armour
rPois   +          Reflect  .   (helmet restricted)
rElec   .          Harm     .   v - +1 cloak {rPois}
rCorr   .          Rampage  .   l - +0 pair of gloves
Will    .....                   (no boots)
Stlth   ..........              (no amulet)
HPRegen 0.20/turn               (no ring)
MPRegen 0.10/turn               (no ring)

@: heavily drained
A: horns 2, retaliatory headbutt
a: no special abilities


You were on level 7 of the Dungeon.
You visited 1 branch of the dungeon, and saw 7 of its levels.

You collected 345 gold pieces.
You spent 87 gold pieces at shops.

Inventory:

Hand Weapons
 a - a +1 war axe of venom (weapon)
 g - the +3 dagger of Impermanence {drain, Drain rF+ Dex+7}
   (You found it on level 2 of the Dungeon)

   A truly terrible weapon, it drains the life of any living foe it strikes.
   Dex:       It affects your dexterity (+7).
   rF:        It protects you from fire.
   Drain:     It drains your maximum health when unequipped.
Armour
 c - a +1 buckler (worn)
 l - a +0 pair of gloves (worn)
 q - a +1 ring mail of willpower
 t - a +0 plate armour (worn)
 v - a +1 cloak of poison resistance (worn)
Jewellery
 k - a ring of magical power
 m - a ring of resist corrosion
Scrolls
 b - 2 scrolls of magic mapping
 n - 4 scrolls of identify
 r - 4 scrolls of teleportation
Potions
 d - 5 potions of brilliance {unknown}
 e - a potion of heal wounds {unknown}
 f - a potion of ambrosia {unknown}
 h - a potion of invisibility
 i - 3 potions of haste
 j - a potion of attraction
 o - 2 potions of flight {unknown}
 p - 2 potions of berserk rage {unknown}
 s - 3 potions of might
 u - 4 potions of curing {unknown}
 w - a potion of degeneration {unknown}


   Skills:
 + Level 6.2 Fighting
 + Level 3.7 Short Blades
 + Level 7.4 Axes
 + Level 6.9 Armour
 + Level 2.0 Dodging
 + Level 0.5 Stealth
 + Level 5.4 Shields


You had 7 spell levels left.
You didn't know any spells.
Your spell library contained the following spells:

 Spells                   Type           Power      Damage    Failure   Level
 Magic Dart               Conj           0%         1d3       100%        1
 Call Imp                 Summ           0%         N/A       100%        2
 Mephitic Cloud           Conj/Pois/Air  0%         N/A       100%        3


Dungeon Overview and Level Annotations

Branches:
Dungeon (7/15)             Temple (0/1) D:6

Altars:
Cheibriados
Fedhas
Gozag
Kikubaaqudgha
Makhleb
Nemelex Xobeh
Ru
Uskayaw
Wu Jian
Yredelemnul

Shops:
D:4 *


Innate Abilities, Weirdness & Mutations

You have a pair of horns on your head.
You reflexively headbutt those who attack you in melee.


Message History

Done exploring.
Done exploring.
Done exploring.
The air fills with toxic fumes!
As you read the scroll labelled JIHITI NORE, it crumbles to dust.
It was a scroll of poison.
You start waiting.
Done waiting.
(D) Dungeon (T) Temple
Where to? (Enter - D:6, ? - help)
What level of the Dungeon? (default 1, ? - help)
There is a stone staircase leading down here.
You climb downwards.
There is a stone staircase leading up here.
You open the door. 4 wights come into view.
A wight comes into view. It is wielding a +0 trident.
Found a ruby potion.
The wight hits you from afar with a +0 trident.
You feel drained. The wight barely misses you.
The wight hits you with a +0 halberd!
You feel drained.
There is an open door, spattered with blood here.
You hit the wight but do no damage. You barely miss the wight.
You hit the wight. The wight hits you with a +2 war axe!
You feel drained. The wight barely misses you. You furiously retaliate!
You headbutt the wight, but do no damage.
You block the wight's attack.
The wight hits you with a +4 great sword!
You closely miss the wight. Your headbutt misses the wight. You hit the wight.
You hit the wight but do no damage. You block the wight's attack. x2
The wight hits you with a +2 war axe. The wight closely misses you.
The wight hits you but does no damage. The wight attacks as you move away!
The wight hits you with a +4 great sword!!
* * * LOW HITPOINT WARNING * * *
You feel drained.
* * * LOW HITPOINT WARNING * * *
There is a stone staircase leading up here.
The wight hits you with a +4 great sword!
You die...

......#8.8#....
...............
.!.............
...............
...............
.......z.......
......zz.z.....
##z### #..z@#
#....# ##.###
#.# ..# ...#
....# .....#
#######


You could see 3 wights.

Vanquished Creatures
  2 water moccasins (D:6)
  An ogre (D:4)
  2 phantoms (D:6)
  A kobold brigand (D:6)
  A bullfrog (D:6)
  A gnoll sergeant (D:5)
  2 scorpions
  3 hounds
  Crazy Yiuf (D:4)
  2 jellies
  2 iguanas
  Terence (D:2)
  2 orc wizards
  8 gnolls
  12 adders
  A worm (D:2)
  3 dart slugs
  26 orcs
  8 bats
  5 endoplasms
  4 giant cockroaches
  7 goblins
  8 hobgoblins
  13 jackals
  5 quokkas
  5 ball pythons
  A frilled lizard (D:3)
  8 kobolds
  12 rats
  A bush (D:5)
148 creatures vanquished.

Vanquished Creatures (others)
  A bush (D:5)
  A plant (D:3)
2 creatures vanquished.

Grand Total: 150 creatures vanquished

Notes
Turn   | Place    | Note
-------+----------+-------------------------------------------
     0 | D:1      | boopmooplesden the Minotaur Fighter began the quest for the
                  | Orb.
     0 | D:1      | Reached XP level 1. HP: 19/19 MP: 0/0
    75 | D:1      | Reached XP level 2. HP: 24/27 MP: 1/1
   245 | D:1      | Reached XP level 3. HP: 29/33 MP: 2/2
   555 | D:1      | Reached skill level 3 in Axes
   565 | D:1      | Found a faded altar of an unknown god.
   901 | D:2      | Identified the +3 dagger of Impermanence {drain, Drain rF+
                  | Dex+7}
  1345 | D:2      | Noticed Terence
  1355 | D:2      | Killed Terence
  1356 | D:2      | Reached XP level 4. HP: 39/41 MP: 3/3
  1447 | D:2      | Reached skill level 4 in Axes
  2007 | D:3      | Reached XP level 5. HP: 47/47 MP: 4/4
  2151 | D:3      | Found a snail-covered altar of Cheibriados.
  2155 | D:3      | Found an ancient bone altar of Kikubaaqudgha.
  2724 | D:4      | Found Xeshaj's Assorted Antiques.
  2732 | D:4      | Noticed an ogre
  2741 | D:4      | Killed an ogre
  2742 | D:4      | Reached skill level 5 in Fighting
  2742 | D:4      | Reached skill level 1 in Short Blades
  2742 | D:4      | Reached skill level 5 in Armour
  2742 | D:4      | Reached skill level 1 in Dodging
  2742 | D:4      | Reached XP level 6. HP: 56/56 MP: 5/5
  2745 | D:4      | Bought a scroll labelled FAEZOK KURU for 29 gold pieces
  2745 | D:4      | Bought a scroll labelled GORUM OSICVE for 29 gold pieces
  2745 | D:4      | Bought a scroll labelled NAETHRI SYOLE for 29 gold pieces
  2788 | D:4      | Found a sparkling altar of Nemelex Xobeh.
  2958 | D:4      | Found a sacrificial altar of Ru.
  2961 | D:4      | Found a burning altar of Makhleb.
  3380 | D:4      | Found a runed translucent door.
  3381 | D:4      | Noticed Crazy Yiuf
  3421 | D:4      | Found an ornate altar of the Wu Jian Council.
  3477 | D:4      | Killed Crazy Yiuf
  3521 | D:5      | Entered Level 5 of the Dungeon
  3521 | D:5      | Found an opulent altar of Gozag.
  3523 | D:5      | Found a hide-covered altar of Uskayaw.
  3540 | D:5      | Found a basalt altar of Yredelemnul.
  3602 | D:5      | Reached XP level 7. HP: 33/54 MP: 6/6
  3938 | D:5      | Reached skill level 5 in Axes
  4048 | D:5      | Reached skill level 5 in Shields
  4240 | D:5      | Found a blossoming altar of Fedhas.
  4644 | D:6      | Reached skill level 6 in Axes
  4661 | D:6      | Reached XP level 8. HP: 63/70 MP: 7/7
  4903 | D:6      | Reached skill level 7 in Axes
  4991 | D:6      | Found a staircase to the Ecumenical Temple.
  5800 | D:7      | Slain by a wight

Illustrated notes

Levels and vault maps discovered:
D:1:      matt_arrival_los_fun, layout_rooms,
          chequers_ecumenical_altar_simple_redux,
          chequers_serial_rivers_large_a, minmay_misc_feat_alley
D:2:      minmay_door_path, layout_basic, serial_rivers,
          chequers_serial_rivers_small_3, chequers_serial_rivers_small_b,
          chequers_serial_rivers_micro_e, chequers_serial_rivers_micro_e,
          uniq_terence
D:3:      layout_rooms, cheibriados_altar_1,
          nicolae_kikubaaqudgha_miasma_corner, serial_bayou,
          serial_bayou_crossing, serial_bayou_pond_c, serial_bayou_shore_b,
          serial_bayou_shore_a
D:4:      layout_loops_ring, nemelex_spade_bored_becter,
          nicolae_wu_jian_immortal_techniques, nicolae_overflow_squiral,
          serial_shops, shop, uniq_crazy_yiuf_cottage
D:5:      layout_rooms, old_standard_altar, kennysheep_mini,
          nicolae_overflow_hidden_temple, dreamdust_princess_corridor,
          kennysheep_generic_room_10
D:6:      layout_layer_cave, minmay_temple_entry_offerings
D:7:      layout_gridville, kennysheep_orc_sif_temple,
          nicolae_tso_besieged_by_evil

Skill      XL: |  1  2  3  4  5  6  7  8 |
---------------+-------------------------+-----
Armour         | 4 5 6 |  6.9
Fighting       | 4 5 6 |  6.2
Shields        | 4 5 |  5.4
Axes           | 3 4 6 7 |  7.4
Short Blades   | 1 3 |  3.7
Dodging        | 1 2 |  2.0
Stealth        | |  0.5

Action                   |  1- 3 |  4- 6 |  7- 9 || total
-------------------------+-------+-------+-------++-------
Melee: War axe           |    66 |    12 |    92 ||   170
       Headbutt          |     4 |    26 |    16 ||    46
       Dagger            |     1 |   134 |       ||   135
  Use: Scroll            |     5 |    10 |     1 ||    16
       Potion            |     1 |       |     1 ||     2
Armor: Scale mail        |    47 |    57 |       ||   104
       Plate armour      |       |    12 |    65 ||    77
Dodge: Dodged            |    56 |    59 |    37 ||   152
Block: Buckler           |    14 |    52 |    33 ||    99
